cohdb
Replays
Latest Replays
All Replays
Popular Replays
Top Player Replays
Match Explorer
How It Works
Community
CoH3 Stats
Reddit
Sign in to upload your games and track your stats! →
Sign in with Steam
Match 45737330
Unlisted
Match 45737330
Overview
Messages
Build Orders
End
Pioneer Squad
Construct Infanterie Kompanie
MG 42 Machine Gun Team
Selects Mechanized Battlegroup
Grenadier Squad
Grenadier Squad
Construct Panzergrenadier Kompanie
Infanterie Officer Quarters
Construct Panzergrenadier Kompanie
251 Medium Carrier
Selects Spotting Scopes
Medical Station
Panzergrenadier Squad
Panzergrenadier Officer Quarters
Pak 40 Anti-tank Gun Team
Selects Wespe Self-propelled Artillery
Wespe Self-propelled Artillery
Support Elements
MoronPark-四海云水怒
乱杀大王
nub
oziligath
0
0
Comments
sign in to comment!
No comments posted yet!